Map: Cyber Forest LE

Players

LeroySane

  • Race: Protoss Protoss
  • League: Master
  • Spawn Location: 5:00

Mez - Winner!

  • Race: Terran Terran
  • League: Master
  • Spawn Location: 11:00

VOD

Have the link to the VOD?

Description

Time

  • Played on: Aug. 19, 2019, 12:45 p.m.
  • Length: 5:59
Show
View Real Time Build Order
Export as new Build Order

LeroySane Protoss 

Build Orders: Oracle Opening 

Get SALT Encoding   

  12  0:01  Probe  
  13  0:13  Probe  
  14  0:17  Pylon  
  14  0:24  Probe  
  15  0:32  Probe  
  15  0:37  Gateway  
  16  0:43  Probe, Assimilator  
  17  0:54  Probe  
  18  0:58  Assimilator  
  18  1:02  Probe  
  18  1:07  Pylon  
  18  1:10  Probe  
  20  1:21  Probe  
  21  1:28  Cybernetics Core  
  21  1:33  Probe  
  22  1:42  Pylon  
  22  1:45  Probe  
  23  1:50  Gateway  
  23  2:02  Adept  
  23  2:05  Stargate  
  25  2:10  Warp Gate  
  24  2:18  Pylon  
  24  2:27  Adept  
  26  2:41  Gateway  
  28  2:44  Oracle  
  29  2:51  Adept  
  31  3:15  Zealot  
  31  3:16  Void Ray  
  33  3:21  Probe  
  36  3:33  Probe  
  37  3:53  Void Ray  
  37  3:59  Zealot, Sentry  
  37  4:00  Zealot  
  47  4:06  Pylon  
  47  4:22  Pylon  
  47  4:31  Adept x2  
  47  4:34  Sentry  
  53  4:50  Phoenix  
  52  4:53  Zealot x2  
  56  5:14  Stalker x2  
  56  5:17  Adept  
  50  5:46  Adept x3  
Show
View Real Time Build Order
Export as new Build Order

Mez Terran - Winner!

Build Orders: Reaper Expand 

Get SALT Encoding   

  12  0:00  SCV  
  13  0:12  SCV  
  14  0:17  Supply Depot  
  14  0:25  SCV  
  15  0:38  SCV  
  15  0:40  Barracks  
  16  0:45  Refinery  
  16  0:50  SCV  
  17  1:02  SCV  
  18  1:15  SCV  
  19  1:28  Reaper, Orbital Command  
  20  1:40  Command Center  
  20  1:48  Bunker  
  20  1:54  SCV  
  20  2:00  Marine  
  22  2:03  Supply Depot  
  22  2:06  SCV  
  23  2:20  Barracks Reactor  
  23  2:25  SCV  
  24  2:37  Factory, SCV  
  25  2:44  Command Center  
  25  2:53  SCV  
  25  2:54  Orbital Command  
  26  2:59  Marine x2  
  28  3:08  SCV  
  28  3:09  Refinery  
  29  3:17  Marine  
  29  3:19  Marine  
  31  3:20  SCV  
  31  3:21  Widow Mine  
  34  3:33  SCV x2  
  36  3:36  Bunker  
  36  3:40  Starport  
  35  3:45  SCV  
  36  3:51  Widow Mine  
  36  3:57  SCV x2  
  36  4:01  Orbital Command  
  38  4:05  Marine x2  
  40  4:10  SCV  
  40  4:14  SCV  
  42  4:19  Factory Tech Lab  
  42  4:21  Viking  
  44  4:33  Marine x2  
  44  4:34  Engineering Bay  
  46  4:41  SCV x2  
  46  4:52  Bunker  
  46  4:53  Siege Tank  
  46  4:54  Viking  
  46  4:55  Marine  
  52  5:03  SCV x2  
  54  5:11  Missile Turret  
  54  5:14  Marine  
  54  5:15  Marine  
  54  5:16  Missile Turret  
  54  5:20  SCV x2, Supply Depot  
  58  5:24  SCV  
Tags
 
Add a new tag
Caveats
  • Supply blocks, unpowered buildings, or Contaminate may cause inaccurate times.
  • Supply counts are checked every 10 seconds.